 Dungeon Crawl Stone Soup version 0.29.1-15-g9cfb28693d (webtiles) character file.

Game seed: 12522315183143407607

191 Heoruswealwe the Caller (level 5, 0/28 HPs)
             Began as a Deep Elf Summoner on Feb 21, 2023.
             Slain by a hound (4 damage)
             ... on level 4 of the Dungeon.
             The game lasted 00:32:49 (2975 turns).

Heoruswealwe the Caller (Deep Elf Summoner)         Turns: 2975, Time: 00:32:50

Health: 0/28       AC:  2    Str:  5    XL:     5   Next: 41%
Magic:  11/15      EV: 12    Int: 22    God:
Gold:   137        SH:  0    Dex: 15    Spells: 11/15 levels left

rFire   . . .      SeeInvis .   n - +0 rapier
rCold   . . .      Faith    .   (no shield)
rNeg    . . .      Spirit   .   t - +0 robe
rPois   .          Reflect  .   (no helmet)
rElec   .          Harm     .   (no cloak)
rCorr   .          Rampage  .   (no gloves)
Will    .....                   (no boots)
Stlth   ++........              (no amulet)
HPRegen 0.09/turn               (no ring)
MPRegen 0.14/turn               (no ring)

@: no status effects
A: no striking features
a: no special abilities


You were on level 4 of the Dungeon.
You visited 1 branch of the dungeon, and saw 4 of its levels.

You collected 137 gold pieces.

Inventory:

Hand Weapons
 c - a +0 short sword
 e - a +0 club
 g - a +0 club
 h - a +0 club
 i - a +0 dagger
 j - a +0 dagger
 l - a +0 club
 n - a +0 rapier (weapon)
 o - a +0 club
 p - a +0 whip
 s - a +0 dagger
 u - a +0 short sword
 y - a +0 war axe
 z - a +0 dagger
 B - a +0 club
 C - a +0 dagger
 F - a +0 dagger
 G - a +0 club
 H - a +0 dagger
Missiles
 f - 25 stones
 D - a throwing net
Armour
 a - a +0 robe
 t - a +0 robe (worn)
 v - a +0 leather armour
 A - a +0 ring mail
Magical Staves
 x - a staff of death
Scrolls
 k - 3 scrolls of teleportation
Potions
 b - 3 potions of magic
 d - 2 potions of brilliance
 m - a potion of resistance
 q - a potion of curing
 r - a potion of degeneration {unknown}
 w - a potion of cancellation {unknown}
 E - a potion of lignification {unknown}


   Skills:
 - Level 2.4 Dodging
 - Level 2.4 Stealth
 + Level 5.8 Spellcasting
 + Level 6.1 Summonings


You had 11 spell levels left.
You knew the following spells:

 Your Spells              Type           Power      Damage    Failure   Level
a - Summon Small Mammal   Summ           100%       N/A       1%          1
b - Call Canine Familiar  Summ           33%        N/A       2%          3

Your spell library contained the following spells:

 Spells                   Type           Power      Damage    Failure   Level
 Call Imp                 Summ           33%        N/A       1%          2
 Summon Guardian Golem    Hex/Summ       19%        N/A       8%          3
 Slow                     Hex            24%        N/A       10%         1
 Wereblood                Tmut           6%         N/A       14%         2
 Summon Lightning Spire   Summ/Air       19%        N/A       26%         4
 Confusing Touch          Hex            6%         N/A       28%         3
 Gell's Gravitas          Tloc           6%         N/A       28%         3
 Lesser Beckoning         Tloc           6%         N/A       28%         3
 Teleport Other           Tloc           6%         N/A       28%         3
 Vampiric Draining        Necr           6%         2d6       28%         3
 Ice Form                 Ice/Tmut       6%         N/A       67%         4
 Alistair's Intoxication  Tmut/Pois      4%         N/A       95%         5
 Borgnjor's Vile Clutch   Necr/Erth      3%         N/A       95%         5
 Dragon Form              Tmut           3%         N/A       100%        7


Dungeon Overview and Level Annotations

Branches:
Dungeon (4/15)
 Temple: D:4-7

Altars:
Ashenzari


Message History

The centaur shoots an arrow.
The arrow misses you.
Your wolf bites the centaur!
Your wolf bites the orc wizard!
Casting: Call Canine Familiar (dangerous; 2% risk of failure)
Confirm with . or Enter, or press ? or * to list all spells.
You miscast Summon Small Mammal.
You are very lightly contaminated with residual magic.
Nothing appears to happen.
The hound bites you but does no damage.
Casting: Summon Small Mammal (safe; 1% risk of failure)
Confirm with . or Enter, or press ? or * to list all spells.
The hound bites you.
Your wolf bites the orc wizard.
The orc wizard barely misses your wolf. The hound bites you.
Your wolf barely misses the orc wizard.
The hound attacks as you move away! The hound barely misses you.
You swap places.
The hound barely misses your quokka.
Your quokka closely misses the hound.
The hound barely misses your quokka.
The centaur shoots an arrow.
The arrow barely misses you.
Your quokka barely misses the hound.
The hound bites your quokka.
Your wolf appears confused.
The centaur unwields a +4 shortbow.
The centaur hits your quokka but does no damage.
The centaur kicks your quokka. The hound bites your quokka.
Your quokka dies!
Your quokka's corpse disappears in a puff of smoke!
A quokka comes into view.
Your wolf misses something. Something hits your wolf.
The quokka bites your wolf.
The centaur wields a +4 shortbow.
The centaur shoots an arrow.
The arrow hits you.
* * * LOW HITPOINT WARNING * * *
Something bites your wolf but does no damage.
Your magical contamination has completely faded away.
Casting: Summon Small Mammal (safe; 1% risk of failure)
Confirm with . or Enter, or press ? or * to list all spells.
The orc wizard hits your wolf but does no damage.
Your wolf bites the orc wizard!
The orc wizard dies!
Your Summonings skill increases to level 6!
Your quokka misses the hound. The hound bites you.
You die...

#......h##
####.....
........# #
.....
........### ..
#...
......#...#.#.#
.##
...####.......#
# .# #.........
##c........
#hr.##.....
#@.........
##.........
##......##
###..... .#.##
####


You could see a centaur, a hound (ally target) and a friendly quokka (summoned).

Vanquished Creatures
  An orc (D:4)
  A ball python (D:1)
  2 giant cockroaches (D:3)
  2 goblins
  A bat (D:1)
7 creatures vanquished.

Vanquished Creatures (collateral kills)
  A scorpion (D:3)
  An orc wizard (D:4)
  2 adders
  A worm (D:2)
  3 dart slugs
  2 orcs (D:4)
  6 endoplasms
  3 giant cockroaches
  7 goblins
  6 hobgoblins
  6 jackals
  2 quokkas
  3 ball pythons
  3 bats
  11 frilled lizards (D:1)
  5 kobolds
  A rat (D:1)
63 creatures vanquished.

Grand Total: 70 creatures vanquished

Notes
Turn   | Place    | Note
-------+----------+-------------------------------------------
     0 | D:1      | Heoruswealwe the Deep Elf Summoner began the quest for the
                  | Orb.
     0 | D:1      | Reached XP level 1. HP: 10/10 MP: 6/6
   260 | D:1      | Reached XP level 2. HP: 14/15 MP: 4/8
   470 | D:1      | Reached skill level 5 in Summonings
   470 | D:1      | Reached XP level 3. HP: 3/19 MP: 6/10
   474 | D:1      | Learned a level 3 spell: Call Canine Familiar
  1934 | D:2      | Reached XP level 4. HP: 24/24 MP: 9/12
  2038 | D:2      | Identified a scroll of acquirement
  2038 | D:2      | Acquired Osum's Catalogue of Terrestrial Reformation
  2378 | D:3      | Noticed a scorpion
  2398 | D:3      | Killed a scorpion
  2399 | D:3      | Reached skill level 5 in Spellcasting
  2399 | D:3      | Reached XP level 5. HP: 25/28 MP: 11/15
  2405 | D:3      | Found a broken altar of Ashenzari.
  2957 | D:4      | Noticed a centaur
  2974 | D:4      | Reached skill level 6 in Summonings
  2975 | D:4      | Slain by a hound

Illustrated notes

Levels and vault maps discovered:
D:1:      nzn_arrival_crosshair, layout_basic, minmay_lizard_pond
D:2:      layout_loops_corners, minmay_misc_feat_alley
D:3:      layout_loops_ring, mainiacjoe_overflow_catwalk
D:4:      layout_cave_pools, lemuel_crystal_altar, grunt_gozag_breadcrumbs,
          vehumet_statue, mainiacjoe_overflow_catwalk_spiral, enter_ossuary_5,
          uniq_pikel

Skill      XL: |  1  2  3  4  5 |
---------------+----------------+-----
Spellcasting   | 4 5 |  5.8
Summonings     | 5 6 |  6.1
Dodging        | |  2.4
Stealth        | |  2.4

Action                   |  1- 3 |  4- 6 || total
-------------------------+-------+-------++-------
Melee: Short sword       |    13 |       ||    13
       Rapier            |     4 |    12 ||    16
 Cast: Summon Small Mamm |    23 |     2 ||    25
       Call Canine Famil |    13 |     7 ||    20
  Use: Scroll            |     6 |     1 ||     7
 Stab: Sleeping          |       |     2 ||     2
       Distracted        |       |     1 ||     1
Armor: Robe              |     6 |     4 ||    10
Dodge: Dodged            |    13 |    12 ||    25
